 Dungeon Crawl Stone Soup version 0.29.1-13-g9f3cf754e1 (webtiles) character file.

Game seed: 12218967219831044162

353 cowcol the Chopper (level 6, -13/53 HPs)
             Began as a Minotaur Monk on Jan 28, 2023.
             Mangled by an ogre
             ... wielding a +0 giant spiked club
              (22 damage)
             ... on level 4 of the Dungeon.
             The game lasted 00:10:17 (3988 turns).

cowcol the Chopper (Minotaur Monk)                  Turns: 3988, Time: 00:10:18

Health: -13/53     AC:  7    Str: 17    XL:     6   Next: 35%
Magic:  5/5        EV: 11    Int:  7    God:
Gold:   159        SH:  0    Dex: 13    Spells: 5/5 levels left

rFire   + . .      SeeInvis .   a - +0 hand axe
rCold   . . .      Faith    .   (no shield)
rNeg    + . .      Spirit   .   h - +0 scale mail
rPois   .          Reflect  .   (helmet restricted)
rElec   .          Harm     .   (no cloak)
rCorr   .          Rampage  .   (no gloves)
Will    .....                   (no boots)
Stlth   ..........              (no amulet)
HPRegen 0.17/turn               i - ring of protection from fire
MPRegen 0.09/turn               k - ring of positive energy

@: no status effects
A: horns 2, retaliatory headbutt
a: no special abilities


You were on level 4 of the Dungeon.
You visited 1 branch of the dungeon, and saw 4 of its levels.

You collected 159 gold pieces.

Inventory:

Hand Weapons
 a - a +0 hand axe (weapon)
 f - a +0 short sword
 g - a +0 mace
 o - a +0 spear
Armour
 b - a +0 robe
 h - a +0 scale mail (worn)
Jewellery
 i - a ring of protection from fire (left hand)
 k - a ring of positive energy (right hand)
Scrolls
 d - a scroll of teleportation
 e - 2 scrolls of enchant weapon
 j - 2 scrolls of butterflies
 l - 3 scrolls of identify
 m - a scroll of enchant armour
 n - a scroll of magic mapping
Potions
 c - a potion of ambrosia
 q - a potion of resistance {unknown}


   Skills:
 + Level 4.7 Fighting
 + Level 5.6 Axes
 + Level 0.1 Throwing
 * Level 4.1 Armour
 + Level 4.6 Dodging
 + Level 1.7 Stealth


You had 5 spell levels left.
You didn't know any spells.
Your spell library contained the following spells:

 Spells                   Type           Power      Damage    Failure   Level
 Dispersal                Tloc           0%         N/A       100%        6
 Disjunction              Tloc           0%         N/A       100%        8


Dungeon Overview and Level Annotations

Branches:
Dungeon (4/15)
 Temple: D:4-7

Altars:

Portals:
Abyss: D:3


Innate Abilities, Weirdness & Mutations

You have a pair of horns on your head.
You reflexively headbutt those who attack you in melee.


Message History

A hobgoblin comes into view.
The hobgoblin shouts!
The hobgoblin closely misses you.
You closely miss the hobgoblin. Your headbutt misses the hobgoblin.
The hobgoblin barely misses you. You furiously retaliate!
You headbutt the hobgoblin!
You kill the hobgoblin!
You see here a hobgoblin corpse.
Found a bubbling amethyst potion.
An ogre comes into view. It is wielding a +0 giant spiked club.
The ogre shouts!
Okay, then.
Throw: throwing net
Press: ? - help, Q - select action Shift-Dir - straight line, f - ogre
Aim: an ogre, wielding a +0 giant spiked club (74% to hit)
You throw a throwing net. The throwing net hits the ogre.
The ogre is caught in the net!
The ogre struggles against the net.
The ogre struggles against the net.
The ogre struggles against the net.
You aren't carrying any items that you can evoke.
The ogre struggles against the net.
The ogre struggles against the net.
The net rips apart, and the ogre comes free!
The ogre hits you with a +0 giant spiked club!!
You hit the ogre.
The ogre is lightly wounded.
You slash the ogre!
The ogre is moderately wounded.
The ogre barely misses you.
You hit the ogre.
The ogre is heavily wounded.
The ogre hits you with a +0 giant spiked club!!
* * * LOW HITPOINT WARNING * * *
You hit the ogre.
The ogre is severely wounded.
You slash the ogre!
The ogre is almost dead.
The ogre hits you with a +0 giant spiked club!!
You die...

******************#....#******,,,
#....# *,*, #.#### *,*, #.# *,*,
#.# *,** ##.# *,* ##..# *,**
###..## *,** #.@.## *,*, *#O###
*,*, #..# *,*, *#.## *,*, ***..*
*,*, *,..#* *,*, ****** **.##*
*,*, **,,,,****..* *,**
,,,,*,*,,..** *,,,


You could see an ogre.

Vanquished Creatures
  The ghost of croobank the Trooper, a weakling DsAK of Lugonu (D:3)
  A quasit (D:3)
  An iron imp (D:3)
  Jessica (D:2)
  Robin (D:1)
  9 gnolls
  5 adders
  A worm (D:3)
  A dart slug (D:1)
  An orc (D:3)
  2 ball pythons
  4 endoplasms
  A giant cockroach (D:2)
  15 goblins
  4 hobgoblins
  6 jackals
  6 kobolds
  3 quokkas
  5 bats
  6 frilled lizards
  6 rats
80 creatures vanquished.

Notes
Turn   | Place    | Note
-------+----------+-------------------------------------------
     0 | D:1      | cowcol the Minotaur Monk began the quest for the Orb.
     0 | D:1      | Reached XP level 1. HP: 19/19 MP: 0/0
   420 | D:1      | Reached XP level 2. HP: 27/27 MP: 1/1
   639 | D:1      | Reached skill level 4 in Axes
   770 | D:1      | Reached XP level 3. HP: 17/33 MP: 2/2
  1344 | D:2      | Reached skill level 1 in Armour
  1416 | D:2      | Noticed Jessica
  1422 | D:2      | Killed Jessica
  1423 | D:2      | Reached XP level 4. HP: 38/40 MP: 3/3
  1523 | D:2      | Noticed Robin
  1536 | D:1      | Killed Robin
  2374 | D:2      | Reached XP level 5. HP: 46/47 MP: 4/4
  2641 | D:3      | Reached skill level 5 in Axes
  3188 | D:3      | Found a transporter.
  3194 | D:3      | Found a transporter.
  3239 | D:3      | Noticed croobank's ghost (weakling DsAK)
  3270 | D:3      | Found a one-way gate to the infinite horrors of the Abyss.
  3625 | D:3      | Reached XP level 6. HP: 40/53 MP: 5/5
  3874 | D:3      | Killed croobank's ghost
  3988 | D:4      | Mangled by an ogre

Illustrated notes

Levels and vault maps discovered:
D:1:      onia_arrival_mini_spirals, layout_rooms
D:2:      layout_loops_corners, minmay_domino_2, uniq_robin, uniq_jessica
D:3:      layout_rooms, gammafunk_ghost_abyssal_escape
D:4:      layout_basic, mainiacjoe_overflow_divided_tiny, portal_sewer_entry_e,
          minmay_misc_feat_x, uniq_crazy_yiuf_cottage

Skill      XL: |  1  2  3  4  5  6 |
---------------+-------------------+-----
Fighting       | 4 |  4.7
Axes           | 4 5 |  5.6
Dodging        | 4 |  4.6
Armour         | 1 2 3 4 |  4.1
Throwing       | |  0.1
Stealth        | |  1.7

Action                   |  1- 3 |  4- 6 || total
-------------------------+-------+-------++-------
Melee: Hand axe          |    96 |   145 ||   241
       Headbutt          |    10 |    21 ||    31
Throw: Stone             |     9 |       ||     9
       Throwing net      |       |     1 ||     1
  Use: Scroll            |     2 |     6 ||     8
       Potion            |       |     2 ||     2
Armor: Robe              |     5 |       ||     5
       Scale mail        |    30 |    47 ||    77
Dodge: Dodged            |    54 |    74 ||   128
